 Dungeon Crawl Stone Soup version 0.31.0-11-ge490571c62 (webtiles) character file.

Game seed: 13942034677057466489

71 jasper the Shield-Bearer (level 4, 0/27 HPs)
             Began as a Deep Elf Fighter on Feb 2, 2024.
             Slain by a water moccasin skeleton (1 damage)
             ... on level 3 of the Dungeon.
             The game lasted 00:02:09 (1513 turns).

jasper the Shield-Bearer (Deep Elf Fighter)         Turns: 1513, Time: 00:02:10

Health: 0/27       AC:  5    Str: 13    XL:     4   Next: 5%
Magic:  6/6        EV:  9    Int: 13    God:
Gold:   39         SH:  5    Dex: 16    Spells: 3/3 levels left

rFire   . .          .
                       - Unarmed
rCold   . . .        b - +0 buckler
rNeg    . . .        i - +0 ring mail
rPois   .            (no helmet)
rElec   .            (no cloak)
rCorr   .            (no gloves)
SInv    .            (no boots)
Will    .....        (no amulet)
Stlth   +            (no ring)
HPRegen 0.24/turn    (no ring)
MPRegen 0.10/turn

%: no passive effects
@: no status effects
A: no striking features
a: no special abilities


You were on level 3 of the Dungeon.
You visited 1 branch of the dungeon, and saw 3 of its levels.

You collected 39 gold pieces.

Inventory:

Missiles
 d - 4 stones (quivered)
 k - 2 atropa-tipped darts
Armour
 a - a +0 scale mail
 b - a +0 buckler (worn)
 i - a +0 ring mail (worn)
Scrolls
 c - a scroll of identify {unknown}
 h - 2 scrolls of fear {unknown}
 l - a scroll of noise {unknown}
Potions
 e - a potion of invisibility {unknown}
 f - 2 potions of curing {unknown}
 g - 3 potions of mutation {unknown}
 j - a potion of degeneration {unknown}
 m - a potion of attraction {unknown}


   Skills:
 + Level 2.9 Fighting
 - Level 2.4 Armour
 + Level 2.9 Shields
 * Level 2.8 Unarmed Combat


You had 3 spell levels left.
You didn't know any spells.
Your spell library was empty.

Dungeon Overview and Level Annotations

Branches:
Dungeon (3/15)

Altars:


Message History

You hit the water moccasin skeleton.
The water moccasin skeleton is moderately damaged.
The water moccasin skeleton bites you but does no damage.
You hit the water moccasin skeleton.
The water moccasin skeleton is heavily damaged.
The water moccasin skeleton bites you.
You barely miss the water moccasin skeleton.
The water moccasin skeleton is heavily damaged.
You block the water moccasin skeleton's attack.
The water moccasin skeleton bites you.
You hit the water moccasin skeleton but do no damage.
The water moccasin skeleton is heavily damaged.
The water moccasin skeleton closely misses you.
You hit the water moccasin skeleton.
The water moccasin skeleton is heavily damaged.
The water moccasin skeleton bites you.
* * * LOW HITPOINT WARNING * * *
You closely miss the water moccasin skeleton.
The water moccasin skeleton is heavily damaged.
The water moccasin skeleton bites you.
* * * LOW HITPOINT WARNING * * *
You hit the water moccasin skeleton.
The water moccasin skeleton is severely damaged.
The water moccasin skeleton barely misses you.
The water moccasin skeleton closely misses you.
Okay, then.
You hit the water moccasin skeleton.
The water moccasin skeleton is severely damaged.
The water moccasin skeleton bites you.
* * * LOW HITPOINT WARNING * * *
You hit the water moccasin skeleton but do no damage.
The water moccasin skeleton is severely damaged.
The water moccasin skeleton closely misses you.
You hit the water moccasin skeleton.
The water moccasin skeleton is severely damaged.
The water moccasin skeleton bites you but does no damage.
You barely miss the water moccasin skeleton.
The water moccasin skeleton is severely damaged.
The water moccasin skeleton bites you.
You die...

#. #.### #..$.#####
....§...
####§§§§.##
#..§.§§§..#
#.##.§§Z§.# ##
#...§§§@§.# .
###..§§.§.#.#
###.###.#.####.
#######. #........
.......####.#.####.
#........#.#
#....#####.#
+....'.....#
####....#######


You could see a water moccasin skeleton.

Vanquished Creatures
  A scorpion zombie (D:3)
  An adder zombie (D:3)
  A dart slug (D:2)
  2 ribbon worms (D:2)
  3 endoplasms
  A giant cockroach (D:2)
  3 goblins (D:1)
  4 hobgoblins
  A kobold (D:2)
  A quokka (D:2)
  5 ball pythons
  5 bats
  4 frilled lizards
  A rat (D:2)
33 creatures vanquished.

Notes
Turn   | Place    | Note
-------+----------+-------------------------------------------
     0 | D:1      | jasper the Deep Elf Fighter began the quest for the Orb.
     0 | D:1      | Reached XP level 1. HP: 13/13 MP: 3/3
   507 | D:1      | Reached XP level 2. HP: 18/18 MP: 4/4
   766 | D:1      | You fall into a shaft and drop 1 floor!
   808 | D:2      | Reached XP level 3. HP: 8/22 MP: 5/5
  1395 | D:3      | Reached XP level 4. HP: 3/27 MP: 6/6
  1510 | D:3      | HP: 1/27 [water moccasin skeleton (2)]
  1513 | D:3      | Slain by a water moccasin skeleton

Illustrated notes

Levels and vault maps discovered:
D:1:      erik_arrival_blinker_ship, layout_basic, hangedman_decor_riveting
D:2:      layout_rooms, hex_large
D:3:      layout_basic, serial_undead, serial_undead_a, serial_undead_f,
          serial_undead_a, serial_undead_b, serial_undead_c, serial_undead_f

Skill      XL: |  1 |
---------------+----+-----
Unarmed Combat | 2 |  2.8
Fighting       | |  2.9
Armour         | |  2.4
Shields        | |  2.9

Action                     |  1- 3 |  4- 6 || total
---------------------------+-------+-------++-------
  Melee: Unarmed           |   136 |    14 ||   150
    Use: Potion            |     1 |       ||     1
 Armour: Scale mail        |    21 |       ||    21
         Ring mail         |    71 |    11 ||    82
  Dodge: Dodged            |    55 |     5 ||    60
  Block: Buckler           |    32 |     1 ||    33
